AoeStats
← [Massa] Edo

Arena

504857867Analyzed
2v2 RM · 25d ago on Sep 6, 2026· 35m 23s· 4 players
Game mode
Random Map
Map size
Medium (4 player)
Population
200
Speed
Normal
Resources
Standard
Victory
Conquest
Starting age
Dark Age
Ending age
Imperial Age
RankedLock teamsTeams togetherTeam positionsShared explorationLock speedFull tech treeHidden civsTurbo modeCheats
Victory
Defeat
🇧🇷 Ethiopians · Brazil
1423
+13
🇧🇷 Cumans · Brazil
1391
+14
🇮🇪 Turks · Ireland
1374
-14
🇺🇸 Japanese · United States
1350
-13
Protein Shake
11:26 Feudal Age
16:38 Castle Age
14:59 Stone Mining
14:59 Double-Bit Axe
16:29 Loom
17:19 Wheelbarrow
17:46 Horse Collar
18:22 Bow Saw
18:15 Gold Mining
19:22 Heavy Plow
23:54 Fortified Wall
30:49 Imperial Age
28:49 Forging
30:20 Hand Cart
29:51 Town Watch
30:49 Gold Shaft Mining
31:26 Iron Casting
30:53 Scale Mail Armor
31:53 Conscription
31:54 Chain Mail Armor
31:47 Squires
31:32 Arson
32:31 Fletching
32:42 Padded Archer Armor
33:44 Chemistry
32:08 Elite Skirmisher
33:15 Bodkin Arrow
33:38 Leather Archer Armor
HardmanGunner
9:45 Feudal Age
10:41 Double-Bit Axe
10:37 Horse Collar
11:32 Loom
12:39 Fletching
18:48 Castle Age
18:07 Horse Collar
23:42 Imperial Age
21:32 Gold Mining
24:28 Bodkin Arrow
24:36 Padded Archer Armor
27:44 Leather Archer Armor
34:31 Wheelbarrow
33:42 Town Watch
34:09 Bow Saw
[Massa] Edo
10:04 Feudal Age
13:39 Castle Age
12:02 Double-Bit Axe
12:19 Horse Collar
15:46 Bow Saw
20:19 Loom
22:42 Wheelbarrow
27:42 Imperial Age
25:35 Ballistics
25:13 Fletching
25:46 Heavy Plow
25:37 Gold Mining
25:31 Crossbowman
26:12 Bodkin Arrow
26:17 Padded Archer Armor
27:23 Gold Shaft Mining
28:03 Leather Archer Armor
28:36 Hand Cart
27:49 Arbalester
28:49 Bracer
29:35 Conscription
31:12 Ring Archer Armor
33:32 Chemistry
33:19 Thumb Ring
35:06 Two-Man Saw
33:58 Stone Mining
tg
6:10 Loom
8:29 Feudal Age
9:19 Double-Bit Axe
9:15 Horse Collar
17:27 Wheelbarrow
19:44 Gold Mining
21:00 Town Watch
23:23 Castle Age
21:30 Stone Mining
25:02 Bow Saw
24:53 Heavy Plow
25:10 Hand Cart
25:01 Scale Barding Armor
28:08 Imperial Age
26:08 Chain Barding Armor
26:36 Bloodlines
26:38 Forging
27:09 Gold Shaft Mining
28:09 Cavalier
29:35 Plate Barding Armor
31:28 Forging
34:15 Hand Cart
Connection lost

Rejoining the realm…

Still unreachable

The connection could not be restored.

Session expired

The server has moved on; the page needs a fresh start.